 Dungeon Crawl Stone Soup version 0.19.1 (webtiles) character file.

68 ZedIsDead the Chopper (level 4, -4/36 (37) HPs)
             Began as a Ghoul Gladiator on Dec 11, 2016.
             Slain by Enrond's ghost (6 damage)
             ... on level 3 of the Dungeon.
             The game lasted 00:02:25 (1492 turns).

ZedIsDead the Chopper (Ghoul Gladiator)             Turns: 1492, Time: 00:02:25

HP:   -4/36 (37)    AC:  5    Str: 19    XL:     4   Next: 19%
MP:   3/3           EV: 18    Int:  3    God:
Gold: 111           SH:  0    Dex: 14    Spells: 0 memorised, 3 levels left

rFire  . . .     SeeInvis .     a - +0 war axe
rCold  + . .     Gourm    .     b - +0 leather armour
rNeg   + + +     Faith    .     (no shield)
rPois  ∞         Spirit   .     c - +0 helmet
rElec  .         Reflect  .     n - +0 cloak
rCorr  .         Harm     .     (no gloves)
MR     .....                    (no boots)
Stlth  ++........               (no amulet)
                                (no ring)
                                (no ring)

@: agile, rotting
A: rotting body, claws 1, carnivore 3, cold resistance 1, negative energy
resistance 3, slow regeneration 1, torment resistance, unbreathing
a: no special abilities


You were on level 3 of the Dungeon.
You were not hungry.

You visited 1 branch of the dungeon, and saw 3 of its levels.

You collected 111 gold pieces.

Inventory:

Hand Weapons
 a - a +0 war axe (weapon)
Armour
 b - a +0 leather armour (worn)
 c - a +0 helmet (worn)
 n - a +0 cloak (worn)
Scrolls
 e - 2 scrolls of recharging {unknown}
 h - 3 scrolls of remove curse {unknown}
 j - a scroll of magic mapping {unknown}
 l - 5 scrolls of identify {unknown}
 m - a scroll of teleportation {unknown}
 o - a scroll of immolation {unknown}
 r - a scroll of blinking {unknown}
Potions
 g - a potion of haste
 i - a potion of cancellation
 k - a potion of agility
 p - a potion of heal wounds {unknown}
 q - a potion of invisibility {unknown}
Comestibles
 f - 2 meat rations
 s - a beef jerky


   Skills:
 + Level 2.5 Fighting
 + Level 3.6 Axes
 + Level 2.0 Throwing
 + Level 0.5 Armour
 + Level 3.2 Dodging


You had 3 spell levels left.
You didn't know any spells.

Dungeon Overview and Level Annotations

Branches:
Dungeon (3/15)

Altars:
Zin

Annotations:
D:3 Enrond's ghost, amateur CeHu


Innate Abilities, Weirdness & Mutations

Your body is rotting away.
You thrive on raw meat.
You are immune to poison.
You have sharp fingernails.
You are carnivorous and can eat meat at any time.
Your flesh is cold resistant. (rC+)
You are immune to negative energy. (rN+++)
You regenerate slowly when monsters are visible.
You are immune to unholy pain and torment.
You can survive without breathing.


Message History

Enrond's ghost hits you but does no damage.
You closely miss Enrond's ghost.
Enrond's ghost is almost destroyed.
Enrond's ghost hits you.
* * * LOW HITPOINT WARNING * * *
You closely miss Enrond's ghost.
Enrond's ghost is almost destroyed.
Enrond's ghost hits you but does no damage.
Enrond's ghost hits you.
* * * LOW HITPOINT WARNING * * *
Enrond's ghost says very slowly, "There's no hope."
Enrond's ghost hits you.
* * * LOW HITPOINT WARNING * * *
It was a potion of agility.
You feel agile all of a sudden. Enrond's ghost misses you.
You closely miss Enrond's ghost.
Enrond's ghost is almost destroyed.
Enrond's ghost hits you.
You die...

##'#.# #.# #.# #.#.#
#.# #)# #.#.# #.# #.#
#.#.# #.# #.# #.#..
#.# #.#
#.##############.# #.#
#............)...# #.#
####################.#
(.....(...W@.....#
##################


You could see Enrond's ghost.

Vanquished Creatures
  2 adders
  2 worms
  A dart slug (D:1)
  2 leopard geckos
  An orc (D:3)
  8 bats
  A giant cockroach (D:1)
  2 hobgoblins
  6 kobolds
  A ball python (D:1)
  3 frilled lizards
  9 goblins
  4 rats (D:1)
42 creatures vanquished.

Notes
Turn   | Place    | Note
-------+----------+-------------------------------------------
     0 | D:1      | ZedIsDead the Ghoul Gladiator began the quest for the Orb.
     0 | D:1      | Reached XP level 1. HP: 17/17 MP: 0/0
   149 | D:1      | Reached XP level 2. HP: 16/25 MP: 1/1
   228 | D:1      | Reached XP level 3. HP: 26/30 MP: 2/2
  1010 | D:2      | Found a glowing silver altar of Zin.
  1015 | D:2      | Reached XP level 4. HP: 36/36 MP: 3/3
  1453 | D:3      | Noticed Enrond's ghost (amateur CeHu)
  1492 | D:3      | Slain by Enrond's ghost

Skill      XL: |  1  2 |
---------------+-------+-----
Throwing       | 2 |  2.0
Dodging        | 3 |  3.2
Axes           | 3 |  3.6
Fighting       | |  2.5
Armour         | |  0.5

Action                   |  1- 3 |  4- 6 || total
-------------------------+-------+-------++-------
Melee: War axe           |   105 |    62 ||   167
Throw: Throwing net      |     2 |     3 ||     5
  Use: Potion            |       |     3 ||     3
  Eat: Chunk             |     7 |     3 ||    10
Armor: Leather armour    |    45 |    26 ||    71
Dodge: Dodged            |    94 |    53 ||   147
